 Dungeon Crawl Stone Soup version 0.17-a0-1667-g4ca74a1 (webtiles) character file.

17077 Fv001 the Basher (level 12, -7/94 HPs)
             Began as a Demonspawn Fighter on Aug 17, 2015.
             Was a Believer of Qazlal.
             Mangled by Rupert
             ... wielding a +5 battleaxe of venom
              (25 damage)
             ... on level 4 of the Lair of Beasts.
             The game lasted 00:55:39 (13122 turns).

Fv001 the Basher (Demonspawn Fighter)              Turns: 13122, Time: 00:55:39

Health: -7/94      AC: 18    Str: 21    XL:     12   Next: 15%
Magic:  0/17       EV: 10    Int: 11    God:    Qazlal [**....]
Gold:   734        SH: 14    Dex: 17    Spells: 0 memorised, 11 levels left

rFire  . . .     SeeInvis .     a - +0 flail
rCold  . . .     Clarity  .     D - +1 plate armour
rNeg   + . .     SustAt   .     c - +0 shield
rPois  .         Gourm    .     (helmet unavailable)
rElec  .         Spirit   +     (no cloak)
rCorr  .         Warding  .     (no gloves)
rMut   .         Stasis   .     F - +2 pair of boots
MR     .....                    I - amulet of guardian spirit
Stlth  ..........               l - ring of positive energy
                                i - ring of stealth

@: agile, lethally poisoned (-7 -> -40), not resistant to hostile enchantments,
extremely unstealthy
A: horns 3, icy blue scales 1, powered by pain 2, spiny 1
a: Upheaval, Renounce Religion


You were on level 4 of the Lair of Beasts.
You worshipped Qazlal.
Qazlal was pleased with you.
You were not hungry.

You visited 3 branches of the dungeon, and saw 14 of its levels.
You also visited: Labyrinth.

You collected 734 gold pieces.

Inventory:

Hand weapons
 a - a +0 flail (weapon)
Missiles
 x - 2 javelins (quivered)
Armour
 c - a +0 shield (worn)
 q - a +0 hat
 D - a +1 plate armour (worn)
 F - a +2 pair of boots (worn)
Jewellery
 i - a ring of stealth (left hand)
 j - an uncursed ring of protection from magic
 l - a ring of positive energy (right hand)
 z - a cursed amulet of inaccuracy {unknown}
 B - an uncursed ring of flight
 I - an amulet of guardian spirit (around neck)
Magical devices
 b - a wand of polymorph (6)
 e - a wand of slowing (11)
 m - a wand of polymorph (12)
 o - a wand of paralysis (4)
 u - a wand of confusion (12)
 E - a wand of draining (0)
 H - a wand of fire (0)
Scrolls
 f - 6 scrolls of remove curse
 h - 5 scrolls of teleportation
 p - 2 scrolls of magic mapping
 y - 2 scrolls of fear
 A - a scroll of recharging
 C - a scroll of amnesia
 L - a scroll of summoning {unknown}
Potions
 d - a potion of ambrosia {unknown}
 g - 4 potions of agility
 k - a potion of flight
 t - 2 potions of magic
 v - a potion of brilliance {unknown}
 w - a potion of mutation
 N - a potion of cure mutation {unknown}
Books
 G - a book of Party Tricks

   Spells                             Type                      Level
   a - Summon Butterflies             Summoning                    1
   b - Apportation                    Translocation                1
   c - Tukima's Dance                 Hexes                        3
   d - Alistair's Intoxication        Transmutation/Poison         4
   e - Invisibility                   Hexes                        6
 M - a book of Battle

   Spells                             Type                      Level
   a - Infusion                       Charms                       1
   b - Shroud of Golubria             Charms/Translocation         2
   c - Song of Slaying                Charms                       2
   d - Spectral Weapon                Hexes/Charms                 3
   e - Regeneration                   Charms/Necromancy            3
Comestibles
 n - 4 meat rations
 r - 4 beef jerkies
 s - 5 bread rations


   Skills:
 + Level 8.4 Fighting
 * Level 10.5 Maces & Flails
 + Level 6.5 Throwing
 + Level 7.9 Armour
 + Level 8.0 Shields
 + Level 7.1 Invocations
 + Level 1.5 Evocations


You had 11 spell levels left.
You didn't know any spells.

Dungeon Overview and Level Annotations

Branches:
Dungeon (9/15)             Temple (1/1) D:5            Lair (4/8) D:8
  Snake (0/4) Lair:3
  Swamp: Lair:3-6    Shoals: Lair:3-6       Orc: D:9-12

Altars:
Ashenzari
Cheibriados
Dithmenos
Elyvilon
Gozag
Kikubaaqudgha
Makhleb
Nemelex Xobeh
Okawaru
Qazlal
Sif Muna
Trog
Vehumet
Xom
Yredelemnul
Zin

Shops:
D:6 }

Annotations:
D:7 kinazarov's ghost, average DEVM
Lair:4 Rupert


Innate Abilities, Weirdness & Mutations

You have a pair of large horns on your head.
You are partially covered in icy blue scales (AC +1).
You sometimes gain power by taking damage.
You are partially covered in sharp spines.


Message History

Rupert completely misses you.
Your plate armour prevents you from hitting Rupert.
Rupert is severely wounded.
* * * LOW HITPOINT WARNING * * *
You feel very sick. You block Rupert's attack.
You hit Rupert but do no damage.
Rupert is severely wounded.
* * * LOW HITPOINT WARNING * * *
You feel very sick. Rupert is struck by your spines.
Rupert hits you with a battleaxe of venom.
* * * LOW HITPOINT WARNING * * *
You are more poisoned.
You hit Rupert but do no damage.
Rupert is severely wounded.
* * * LOW HITPOINT WARNING * * *
You feel very sick.
Rupert hits you with a battleaxe of venom!!
You die...

#####..#
##....†(#
#P...†.##
#P....††####
##...#....P.#
#...##......##
#...#..........
##.##....†.......
#......@@........
.................
.................
...............##
................
..............##
.....##.......#
...## #........
### ###......


You could see Rupert (berserk).

Vanquished Creatures
  Gastronok (Lair:3)
  A minotaur (Lab)
  2 hydras (Lair:4)
  Nergalle (Lair:3)
  A fire crab (Lair:1)
  3 spiny frogs
  An elephant (D:8)
  2 black mambas
  A torpor snail (Lair:3)
  3 komodo dragons
  A polar bear (Lair:2)
  14 blink frogs
  Sigmund (D:6)
  8 yaks
  2 hippogriffs (Lair:2)
  2 basilisks
  3 nagas (Lair:3)
  5 water moccasins
  6 porcupines
  A phantom (D:4)
  An orc warrior (D:8)
  A sky beast (D:6)
  3 ogres
  A big kobold (D:7)
  A centaur (D:6)
  5 crocodiles
  15 giant frogs
  A wyvern skeleton (D:7)
  A killer bee (Lair:1)
  2 orc priests (D:3)
  2 giant frog skeletons
  2 orc wizards
  3 iguanas
  2 hell rats (Lair:3)
  6 worker ants
  22 sheep
  A hound zombie (D:5)
  A hound skeleton (D:6)
  19 river rats
  5 adders
  4 gnolls (D:4)
  An ooze (D:3)
  6 worms
  2 adder skeletons
  15 orcs
  A ball python (D:5)
  10 bats
  A giant cockroach (D:1)
  A goblin (D:3)
  5 hobgoblins
  7 jackals
  2 giant gecko skeletons
  A giant newt (D:2)
  15 kobolds
  2 quokkas
  A quokka skeleton (D:5)
  16 rats
  2 fungi
  2 plants
247 creatures vanquished.

Vanquished Creatures (others)
  3 fungi
  A plant (Lair:3)
4 creatures vanquished.

Grand Total: 251 creatures vanquished

Notes
Turn   | Place    | Note
--------------------------------------------------------------
     0 | D:1      | Fv001 the Demonspawn Fighter began the quest for the Orb.
     0 | D:1      | Reached XP level 1. HP: 18/18 MP: 1/1
   345 | D:1      | Gained mutation: You are partially covered in sharp spines. [demonic ancestry]
   345 | D:1      | Reached XP level 2. HP: 24/24 MP: 2/2
   835 | D:2      | Found a snail-covered altar of Cheibriados.
   905 | D:2      | Found a glowing silver altar of Zin.
  1004 | D:2      | Gained mutation: You are partially covered in icy blue scales (AC +1). [demonic ancestry]
  1004 | D:2      | Reached XP level 3. HP: 24/29 MP: 3/3
  1374 | D:3      | Gained mutation: You have a pair of small horns on your head. [demonic ancestry]
  1374 | D:3      | Reached XP level 4. HP: 15/35 MP: 4/4
  2253 | D:4      | Noticed a phantom
  2275 | D:4      | Killed a phantom
  2275 | D:4      | Gained mutation: You sometimes gain a little power by taking damage. [demonic ancestry]
  2275 | D:4      | Reached XP level 5. HP: 39/42 MP: 5/5
  2412 | D:4      | Reached skill level 4 in Maces & Flails
  2412 | D:4      | Reached XP level 6. HP: 43/48 MP: 6/6
  3244 | D:5      | Entered Level 5 of the Dungeon
  3392 | D:5      | Found a staircase to the Ecumenical Temple.
  3401 | Temple   | Entered the Ecumenical Temple
  3692 | D:5      | Noticed a moth of wrath
  3694 | D:5      | Found a bloodstained altar of Trog.
  3801 | D:5      | Found an ancient bone altar of Kikubaaqudgha.
  4334 | D:6      | Noticed Sigmund
  4359 | D:6      | Killed Sigmund
  4359 | D:6      | Reached skill level 5 in Maces & Flails
  4359 | D:6      | Gained mutation: You have a pair of horns on your head. [demonic ancestry]
  4359 | D:6      | Reached XP level 7. HP: 41/54 MP: 7/7
  4633 | D:6      | Found Xinut's Quality Used Wands.
  4761 | D:6      | Found an ancient bone altar of Kikubaaqudgha.
  5119 | D:7      | Reached skill level 1 in Throwing
  5119 | D:7      | Reached XP level 8. HP: 55/61 MP: 8/8
  5312 | D:7      | Reached skill level 5 in Fighting
  5312 | D:7      | Reached skill level 6 in Maces & Flails
  5312 | D:7      | Reached skill level 5 in Shields
  5472 | D:7      | Found an iron altar of Okawaru.
  5474 | D:7      | Found a radiant altar of Vehumet.
  5731 | D:7      | Noticed kinazarov's ghost (average DEVM)
  5984 | D:8      | Found a shadowy altar of Dithmenos.
  6108 | D:8      | Found a staircase to the Lair.
  6109 | D:8      | Noticed an elephant
  6136 | D:8      | Reached skill level 5 in Armour
  6652 | D:8      | Killed an elephant
  6652 | D:8      | Reached XP level 9. HP: 67/69 MP: 9/9
  6774 | D:8      | Reached skill level 7 in Maces & Flails
  6818 | D:8      | Found a stormy altar of Qazlal.
  7243 | D:8      | Became a worshipper of Qazlal Stormbringer
  7297 | Lair:1   | Entered Level 1 of the Lair of Beasts
  7418 | Lair:1   | Noticed a spiny frog
  7425 | Lair:1   | Killed a spiny frog
  7554 | Lair:1   | Noticed a spiny frog
  7568 | Lair:1   | Killed a spiny frog
  7568 | Lair:1   | Reached skill level 8 in Maces & Flails
  7568 | Lair:1   | Reached skill level 1 in Invocations
  7747 | Lair:1   | Noticed a spiny frog
  7748 | Lair:1   | Noticed a fire crab
  7748 | Lair:1   | a spiny frog changed into a fire crab
  7764 | Lair:1   | Killed a fire crab
  7764 | Lair:1   | Gained mutation: You sometimes gain power by taking damage. [demonic ancestry]
  7764 | Lair:1   | Reached XP level 10. HP: 20/77 MP: 2/11
  8372 | Lair:2   | Found a labyrinth entrance.
  8392 | Lab      | Entered a labyrinth
  8557 | Lab      | Noticed a minotaur
  8562 | Lab      | Noticed Monkaria's ghost (powerful MiMo)
  8564 | Lab      | Killed a minotaur
  8564 | Lab      | Reached skill level 5 in Throwing
  8739 | Lair:2   | Reached skill level 9 in Maces & Flails
  8993 | Lair:2   | Acquired Qazlal's first power
  9401 | Lair:2   | Noticed a black mamba
  9410 | Lair:2   | Killed a black mamba
  9410 | Lair:2   | Reached XP level 11. HP: 49/84 MP: 10/14
 10297 | Lair:2   | Reached skill level 5 in Invocations
 10796 | Lair:2   | Acquired Qazlal's second power
 11094 | Lair:3   | Noticed Gastronok
 11253 | Lair:3   | Killed Gastronok
 11295 | Lair:3   | Reached skill level 10 in Maces & Flails
 11318 | Lair:3   | Found a staircase to the Snake Pit.
 11515 | Lair:3   | Noticed Nergalle
 11799 | Lair:3   | Killed Nergalle
 12402 | Lair:4   | Noticed a six-headed hydra
 12415 | Lair:4   | Killed a six-headed hydra
 12608 | Lair:4   | Noticed a six-headed hydra
 12623 | Lair:4   | Killed a six-headed hydra
 12623 | Lair:4   | Gained mutation: You have a pair of large horns on your head. [demonic ancestry]
 12623 | Lair:4   | Reached XP level 12. HP: 49/94 MP: 11/17
 12830 | Lair:4   | Reached skill level 1 in Evocations
 13014 | Lair:4   | Acquired Qazlal's third power
 13022 | Lair:4   | Noticed Rupert
 13096 | Lair:4   | Paralysed by Rupert for 2 turns
 13122 | Lair:4   | Mangled by Rupert

Vault maps used:
D:1:      dpeg_arrival_short_road, bh_walls_and_bars
D:2:      lemuel_doored_altar, zin_treasury, first_bread, moated_statue
D:3:      minivault_24, minmay_fountain_box
D:5:      tgw_trog, kennysheep_mini_moat, lemuel_temple_firewalk_marked
D:6:      basic_altar, minmay_misc_feat_tiny, abandoned_shop,
          nicolae_for_you_no_charge, uniq_sigmund
D:7:      grunt_temple_overflow_open
D:8:      grunt_dithmenos_smoke_and_mirrors, nicolae_qazlal_general_emergency,
          david_lair_generic
D:9:      old_standard_altar, kennysheep_mini, fedhas_altar_2, serial_shops,
          nicolae_shop_window_shopping, nicolae_shop_stone, shop_statue, shop
Temple:   nicolae_temple_figure_zero
Lair:2:   lab_entry_generic, st_stairs_8, infiniplex_staircase_pool,
          grunt_megastairs_2, lemuel_fruit_tree
Lair:3:   kennysheep_abandoned_house, guppyfry_snake_entry_island,
          uniq_gastronok, uniq_nergalle
Lair:4:   pf_torpor_hydra, serial_bayou_shore_b, serial_bayou_shore_a,
          uniq_rupert, uniq_maud
Lab:      labyrinth_hidden_loot, nicolae_lab_very_dead_end

Action                   |  1- 3 |  4- 6 |  7- 9 | 10-12 || total
-------------------------+-------+-------+-------+-------++-------
Melee: Flail             |    68 |   106 |   205 |   435 ||   814
Throw: Javelin           |       |     2 |    31 |    14 ||    47
Invok: Upheaval          |       |       |       |     4 ||     4
Evoke: Wand              |       |       |     5 |    10 ||    15
  Use: Scroll            |    11 |     5 |     8 |     4 ||    28
       Potion            |       |       |     7 |     2 ||     9
 Stab: Paralysed         |       |       |       |    10 ||    10
  Eat: Chunk             |     1 |     7 |     6 |     8 ||    22
       Beef jerky        |       |     1 |     2 |     3 ||     6
       Pizza             |       |     1 |       |     1 ||     2
       Royal jelly       |       |       |     1 |     1 ||     2
       Fruit             |       |       |       |     6 ||     6
